 Seeded DCSS version 0.30.1-9-gdf580d7c3d (webtiles) character file.

Game seed: 15660985446129201502 (custom seed)

578 AccursedSamuel the Chopper (level 7, -1/44 HPs)
             Began as a Tengu Monk on Oct 11, 2023.
             Slain by an ogre
             ... wielding a +0 giant spiked club
              (21 damage)
             ... on level 5 of the Dungeon.
             The game lasted 00:03:27 (2994 turns).

AccursedSamuel the Chopper (Tengu Monk)             Turns: 2994, Time: 00:03:28

Health: -1/44      AC:  2    Str: 13    XL:     7   Next: 36%
Magic:  17/17      EV: 16    Int: 11    God:
Gold:   285        SH:  0    Dex: 16    Spells: 6/6 levels left

rFire   + + .        e - +7 executioner's axe of Insufficient Pleasure {freeze, Fragile Fly rF++ MP+9}
rCold   . . .        (shield currently unavailable)
rNeg    . . .        b - +0 robe
rPois   .            (helmet restricted)
rElec   .            (no cloak)
rCorr   .            (no gloves)
SInv    .            (boots unavailable)
Will    .....        (no amulet)
Stlth   ++           (no ring)
HPRegen 0.27/turn    (no ring)
MPRegen 0.15/turn

%: no passive effects
@: flying quickly and evasively, quick
A: beak, talons 3, nimble flight
a: no special abilities


You were on level 5 of the Dungeon.
You visited 1 branch of the dungeon, and saw 4 of its levels.

You collected 285 gold pieces.

Inventory:

Hand Weapons
 a - a +0 hand axe
 e - the +7 executioner's axe of Insufficient Pleasure (weapon) {freeze, Fragile Fly rF++ MP+9}
   (You acquired it on level 1 of the Dungeon)

   rF:        It greatly protects you from fire.
   MP:        It affects your magic capacity (+9).
   Fly:       It grants you flight.
   Fragile:   It will be destroyed if unequipped.
Armour
 b - a +0 robe (worn)
 d - an orb of light
Wands
 s - a wand of iceblast (2)
Scrolls
 f - 4 scrolls of teleportation {unknown}
 h - a scroll of enchant armour {unknown}
 i - a scroll of noise {unknown}
 k - a scroll of immolation {unknown}
 n - 3 scrolls of identify {unknown}
 q - a scroll of torment {unknown}
 r - 2 scrolls of blinking {unknown}
Potions
 c - a potion of ambrosia
 g - a potion of curing {unknown}
 j - a potion of degeneration {unknown}
 l - a potion of attraction {unknown}
 m - 2 potions of magic {unknown}
 o - a potion of heal wounds {unknown}
 p - 2 potions of flight {unknown}
 t - a potion of lignification {unknown}


   Skills:
 + Level 4.3 Fighting
 + Level 7.4 Axes
 + Level 4.3 Dodging
 + Level 2.0 Stealth


You had 6 spell levels left.
You didn't know any spells.
Your spell library contained the following spells:

 Spells                   Type           Power      Damage    Failure   Level
 Cigotuvi's Dreadful Rot  Necr/Pois/Air  0%         N/A       47%         2
 Dispel Undead            Necr           0%         3d6       98%         4
 Death Channel            Necr           0%         N/A       100%        6


Dungeon Overview and Level Annotations

Branches:
Dungeon (5/15)
 Temple: D:4-7

Altars:
Elyvilon
Ru

Annotations:
D:2 1 runed translucent door, Crazy Yiuf


Innate Abilities, Weirdness & Mutations

You have a beak for a mouth.
You have claws for feet.
Your magical nature lets you fly swiftly and evasively.


Message History

A shadow imp is nearby!
A shadow imp is nearby!
A shadow imp is nearby!
You see here a green potion.
An ufetubus and a shadow imp come into view.
The ufetubus shouts!
The shadow imp shouts!
The shadow imp completely misses you.
You see here 7 gold pieces.
You barely miss the shadow imp. You closely miss the ufetubus.
The ufetubus closely misses you. The ufetubus barely misses you.
The ufetubus hits you. x2; The shadow imp hits you.
You barely miss the shadow imp.
You claw the shadow imp, but do no damage.
You slash the ufetubus!
You kill the ufetubus!
You slash the shadow imp!
You kill the shadow imp!
The shadow imp misses you.
You slash the shadow imp! You freeze the shadow imp.
You kill the shadow imp!
You now have 285 gold pieces (gained 7).
t - a green potion
Found a white marble altar of Elyvilon.
An ogre and a scorpion come into view.
Found 5 stones.
The ogre shouts!
There are monsters nearby!
There are monsters nearby!
The scorpion barely misses you.
The ogre hits you with a +0 giant spiked club!!
You hit the ogre. You freeze the ogre. Your kick misses the ogre.
You peck the ogre, but do no damage.
The ogre is moderately wounded.
You hit the scorpion. You freeze the scorpion. The scorpion stings you.
The ogre misses you. The scorpion barely misses you.
You hit the ogre. You freeze the ogre. You claw the ogre.
The ogre is severely wounded.
You hit the scorpion. You freeze the scorpion. The scorpion barely misses you.
The ogre hits you with a +0 giant spiked club!!
You die...

....# .....## .............#
.....#. ...... ........ .......
..... ........ ....(.. ...##
##....... ....... #....#.
........ .....#...#... #......
#.. #..Os..##...##...... .P.
#.@......_......... ...
##....##...##...... #.#
##....#.....#...... #.#
#.......#.#........ # ##.##
#####.....##.##.......
...###...###...#.................
.P....._.....P...................
..###...###...#.................
#######.## #####.................


You could see an ogre and a scorpion.

Vanquished Creatures
  Sigmund (D:4)
  A scorpion (D:4)
  2 hounds
  An orc priest (D:4)
  2 iguanas
  Jessica (D:2)
  Ijyb (D:4)
  3 adders
  3 shadow imps (D:5)
  A white imp (D:5)
  4 ufetubi
  A worm (D:4)
  A dart slug (D:4)
  7 orcs
  7 endoplasms
  2 giant cockroaches (D:2)
  4 goblins
  8 hobgoblins
  5 kobolds
  6 quokkas
  5 ball pythons
  2 bats (D:1)
  6 frilled lizards
  6 rats
  A spectral kobold (D:2)
81 creatures vanquished.

Notes
Turn   | Place    | Note
-------+----------+-------------------------------------------
     0 | D:1      | AccursedSamuel the Tengu Monk began the quest for the Orb.
     0 | D:1      | Reached XP level 1. HP: 14/14 MP: 2/2
    82 | D:1      | Reached XP level 2. HP: 16/19 MP: 3/3
    85 | D:1      | Identified a scroll of acquirement
    85 | D:1      | Acquired the +7 executioner's axe of Insufficient Pleasure
                  | {freeze, Fragile Fly rF++ MP+9}
   709 | D:1      | Reached XP level 3. HP: 23/23 MP: 4/4
   948 | D:2      | Reached skill level 4 in Axes
  1085 | D:2      | Found a faded altar of an unknown god.
  1174 | D:2      | Found a runed translucent door.
  1175 | D:2      | Noticed Crazy Yiuf
  1277 | D:2      | Noticed Jessica
  1294 | D:2      | Killed Jessica
  1295 | D:2      | Reached XP level 4. HP: 25/28 MP: 5/5
  1435 | D:2      | You are sucked into a shaft and drop 2 floors!
  1563 | D:4      | Reached skill level 5 in Axes
  1606 | D:4      | Noticed a scorpion
  1612 | D:4      | Killed a scorpion
  1613 | D:4      | Reached skill level 1 in Stealth
  1613 | D:4      | Gained mutation: Your magical nature lets you fly swiftly
                  | and evasively. [Tengu growth]
  1613 | D:4      | Reached XP level 5. HP: 33/33 MP: 6/6
  1918 | D:4      | Reached skill level 6 in Axes
  1918 | D:4      | Reached XP level 6. HP: 26/38 MP: 7/7
  2004 | D:4      | Noticed Sigmund
  2006 | D:4      | Noticed Ijyb
  2012 | D:4      | Killed Sigmund
  2013 | D:4      | Killed Ijyb
  2014 | D:4      | Reached XP level 7. HP: 6/43 MP: 8/8
  2533 | D:4      | Reached skill level 7 in Axes
  2693 | D:5      | Entered Level 5 of the Dungeon
  2823 | D:5      | Found a sacrificial altar of Ru.
  2972 | D:5      | Found a white marble altar of Elyvilon.
  2994 | D:5      | Slain by an ogre

Illustrated notes

Levels and vault maps discovered:
D:1:      minmay_arrival_pointy, layout_loops_ring, minmay_gold_behind_fungi
D:2:      layout_basic, dreamdust_ecumenical_altar_drowned_temple,
          hangedman_decor_clover_reticule, fountainhead,
          uniq_crazy_yiuf_cottage, uniq_jessica
D:4:      layout_basic, nicolae_eternal_life, uniq_ijyb, uniq_sigmund
D:5:      layout_layer_cave, mainiacjoe_overflow_small_starburst,
          elyvilon_altar_1, serial_demonic, serial_demonic_e, serial_demonic_b,
          serial_demonic_e, serial_demonic_a, serial_demonic_e,
          serial_demonic_e, serial_demonic_g, serial_demonic_a,
          serial_demonic_d, serial_demonic_g, uniq_edmund

Skill      XL: |  1  2  3  4  5  6  7 |
---------------+----------------------+-----
Axes           | 4 5 6 7 |  7.4
Stealth        | 1 2 |  2.0
Dodging        | 4 |  4.3
Fighting       | 4 |  4.3

Action                     |  1- 3 |  4- 6 |  7- 9 || total
---------------------------+-------+-------+-------++-------
  Melee: Hand axe          |    11 |       |       ||    11
         Kick              |     8 |     8 |     5 ||    21
         Peck              |     4 |     4 |     2 ||    10
         Executioner's axe |    46 |    36 |    24 ||   106
    Use: Scroll            |     1 |       |       ||     1
   Stab: Sleeping          |     1 |     2 |     4 ||     7
 Armour: Robe              |    12 |     1 |       ||    13
  Dodge: Dodged            |    37 |    40 |    25 ||   102
